 Dungeon Crawl Stone Soup version 0.24-a0-183-g8902462 (webtiles) character file.

Game seed: 18329912778186064082

802 Ijustatesigmund the Conjurer (level 7, 0/46 HPs)
             Began as an Octopode Wizard on Mar 15, 2019.
             Slain by Crazy Yiuf
             ... wielding a +4 quarterstaff of chaos
              (11 damage)
             ... on level 2 of the Dungeon.
             The game lasted 00:15:56 (6951 turns).

Ijustatesigmund the Conjurer (Octopode Wizard)      Turns: 6951, Time: 00:15:57

Health: 0/46       AC:  1    Str:  7    XL:     7   Next: 90%
Magic:  9/11       EV:  8    Int: 20    God:
Gold:   268        SH:  0    Dex: 12    Spells: 3/12 levels left

rFire    . . .     SeeInvis .   b - +0 war axe
rCold    . . .     Gourm    .   (no shield)
rNeg     . . .     Faith    .   a - +0 hat
rPois    .         Spirit   .   (no amulet)
rElec    .         Reflect  .   (no ring)
rCorr    .         Harm     .   (no ring)
MR       .....                  (no ring)
Stlth    +++.......             (no ring)
HPRegen  0.15/turn              (no ring)
MPRegen  0.12/turn              (no ring)
                                (no ring)
                                (no ring)

@: petrifying, slowed, lightly drained, very slow
A: almost no armour, stealthy swim, amphibious, 8 rings, constrict 8, camouflage
1, gelatinous body 1
a: no special abilities


You were on level 2 of the Dungeon.
You were hungry.

You visited 1 branch of the dungeon, and saw 5 of its levels.

You collected 268 gold pieces.

Inventory:

Hand Weapons
 b - a +0 war axe (weapon)
Armour
 a - a +0 hat (worn)
Scrolls
 d - a scroll of remove curse
 i - a scroll of identify
 l - a scroll of magic mapping
Potions
 e - a potion of lignification
 f - 2 potions of might
 h - 2 potions of brilliance
Comestibles
 c - 2 rations


   Skills:
 - Level 3.0(2.7) Fighting
 - Level 3.3(3.0) Axes
 - Level 2.9(2.6) Dodging
 - Level 2.6(2.3) Stealth
 - Level 3.0(2.6) Spellcasting
 + Level 3.7(3.4) Conjurations
   Level 1.0(0.7) Summonings
 - Level 1.0(0.7) Translocations
 + Level 2.1(1.8) Fire Magic
 + Level 3.4(3.1) Air Magic
 + Level 3.4(3.1) Poison Magic


You had 3 spell levels left.
You knew the following spells:

 Your Spells              Type           Power        Failure   Level  Hunger
a - Magic Dart            Conj           ###.         3%          1    None
b - Blink                 Tloc           N/A          17%         2    ##.....
c - Conjure Flame         Conj/Fire      ##......     16%         3    ###....
d - Mephitic Cloud        Conj/Pois/Air  ###.....     12%         3    ###....

Your spell library contained the following spells:

 Spells                   Type           Power        Failure   Level  Hunger
 Sandblast                Erth           #.....       14%         1    None
 Call Imp                 Summ           #.......     17%         2    ##.....
 Passwall                 Tmut/Erth      #.......     22%         2    ##.....
 Slow                     Hex            #.......     22%         2    ##.....
 Stone Arrow              Conj/Erth      #.....       22%         3    ###....
 Petrify                  Tmut/Erth      #.......     82%         4    ####...
 Lee's Rapid Deconstruct  Erth           #.........   99%         5    ######.


Dungeon Overview and Level Annotations

Branches:
Dungeon (5/15)
 Temple: D:4-7

Altars:
Ru
Trog

Annotations:
D:2 Crazy Yiuf


Innate Abilities, Weirdness & Mutations

You cannot wear most types of armour.
You are very stealthy in the water. (Stealth+)
You are amphibious.
You can wear up to eight rings at the same time.
You can use your tentacles to constrict eight enemies at once.
Your skin changes colour to match your surroundings (Stealth+).
Your rubbery body absorbs attacks. (AC +1, EV +1)


Message History

You constrict Crazy Yiuf, but do no damage.
Crazy Yiuf hits you with a +4 quarterstaff of chaos!
You feel drained.
Crazy Yiuf zaps a wand.
The puff of flame hits you!
You hit Crazy Yiuf.
Crazy Yiuf is heavily wounded.
You constrict Crazy Yiuf. Crazy Yiuf closely misses you.
Crazy Yiuf hits you with a +4 quarterstaff of chaos!
You are slowing down.
Your limbs are stiffening.
Casting: Magic Dart (safe; 3% risk of failure)
Confirm with . or Enter, or press ? or * to list all spells.
You blink.
You are feeling hungry.
You constrict Crazy Yiuf.
Crazy Yiuf says, "East!
Walk tired high."
Crazy Yiuf hits you with a +4 quarterstaff of chaos!
* * * LOW HITPOINT WARNING * * *
Crazy Yiuf waves his quarterstaff at you.
Crazy Yiuf hits you with a +4 quarterstaff of chaos!
You die...

.#.......####...#.#
.#.#....## ##.##.#
.#.#..### ######
.#.#..# .#.#'##
.#.#.###♣♣ #####
.#.#.....♣♣ ♣♣#)))#
##......♣.♣♣♣♣§g...#
##........♣))♣#@.)#
#........♣.♣♣♣#####
###...##♣♣♣♣♣
....#.# ###...#
#####


You could see Crazy Yiuf.

Vanquished Creatures
  Sigmund (D:2)
  2 phantoms (D:4)
  An eye of draining (D:4)
  A scorpion (D:4)
  A howler monkey (D:4)
  2 orc priests
  A worker ant (D:4)
  A worker ant zombie (D:2)
  5 gnolls
  3 adders
  2 worms
  2 dart slugs
  2 leopard geckos
  18 orcs
  5 giant cockroaches
  5 goblins
  6 hobgoblins
  9 jackals
  5 kobolds
  A quokka (D:2)
  11 bats
  6 frilled lizards
  A leopard gecko skeleton (D:2)
  13 rats
104 creatures vanquished.

Notes
Turn   | Place    | Note
-------+----------+-------------------------------------------
     0 | D:1      | Ijustatesigmund the Octopode Wizard began the quest for the
                  | Orb.
     0 | D:1      | Reached XP level 1. HP: 11/11 MP: 4/4
   652 | D:1      | Reached skill level 1 in Fighting
   652 | D:1      | Reached XP level 2. HP: 18/18 MP: 4/6
  1182 | D:1      | Learned a level 2 spell: Blink
  1480 | D:1      | Reached XP level 3. HP: 24/24 MP: 4/7
  1680 | D:2      | Reached XP level 4. HP: 26/30 MP: 1/8
  1689 | D:2      | Learned a level 3 spell: Conjure Flame
  2206 | D:2      | Noticed Sigmund
  2857 | D:3      | Reached XP level 5. HP: 24/36 MP: 1/9
  2891 | D:3      | Reached skill level 1 in Axes
  3870 | D:3      | Found a sacrificial altar of Ru.
  4251 | D:3      | Reached XP level 6. HP: 35/42 MP: 1/10
  4261 | D:3      | Learned a level 3 spell: Mephitic Cloud
  5146 | D:4      | Reached skill level 1 in Air Magic
  5146 | D:4      | Reached skill level 1 in Poison Magic
  5163 | D:4      | Noticed a phantom
  5404 | D:4      | Noticed a phantom
  5414 | D:5      | Entered Level 5 of the Dungeon
  5414 | D:5      | Noticed an ice beast
  5414 | D:5      | Noticed a necrophage
  5465 | D:4      | Killed a phantom
  5465 | D:4      | Reached XP level 7. HP: 25/46 MP: 1/11
  5897 | D:4      | Found a bloodstained altar of Trog.
  5905 | D:4      | Reached skill level 1 in Fire Magic
  6637 | D:2      | Killed Sigmund
  6938 | D:2      | Found a runed translucent door.
  6939 | D:2      | Noticed Crazy Yiuf
  6951 | D:2      | Slain by Crazy Yiuf

Levels and vault maps discovered:
D:1:      grunt_arrival_crossed_arrows, layout_basic
D:2:      cheibrodos_pilgrimage, layout_loops_corners, serial_co_window_serial,
          co_window_cross_1, co_window_of_opportunity_a,
          co_window_of_opportunity_a, co_window_paths_a, co_window_corner_a,
          co_window_corner_b, co_window_of_opportunity_c, co_window_broadway_a,
          co_window_corner_b, co_window_unsneaky_path_e, co_window_4corner_a,
          co_window_4corner_b, glass_columns_c, glass_columns_c,
          glass_columns_b, first_ration, uniq_crazy_yiuf_cottage, uniq_sigmund
D:3:      layout_loops_cross, nicolae_ru_path_of_blood
D:4:      layout_rooms, trog_eyes_of_draining
D:5:      layout_rooms, xom_teletrap_fun, kiku_gazebo_garden_becter,
          minmay_temple_entry_mini_moons

Skill      XL: |  1  2  3  4  5  6  7 |
---------------+----------------------+-----
Fighting       | 1 2 3 |  3.0
Conjurations   | 2 3 |  3.7
Axes           | 3 |  3.3
Air Magic      | 2 3 |  3.4
Poison Magic   | 2 3 |  3.4
Fire Magic     | 2 |  2.1
Dodging        | |  2.9
Stealth        | |  2.6
Spellcasting   | |  3.0
Summonings     | |  1.0
Translocations | |  1.0

Action                   |  1- 3 |  4- 6 |  7- 9 || total
-------------------------+-------+-------+-------++-------
Melee: Short sword       |    17 |    35 |       ||    52
       Constrict         |     2 |    16 |     7 ||    25
       Tentacles         |     2 |     8 |     9 ||    19
       War axe           |       |    41 |    41 ||    82
 Cast: Magic Dart        |    49 |   163 |    30 ||   242
       Blink             |       |     3 |     1 ||     4
       Conjure Flame     |       |       |     1 ||     1
  Use: Scroll            |     5 |     6 |     2 ||    13
       Potion            |     1 |     7 |     1 ||     9
 Stab: Sleeping          |       |     1 |     2 ||     3
  Eat: Ration            |     1 |     1 |     1 ||     3
       Chunk             |       |     8 |       ||     8
Armor: Skin              |     1 |     6 |       ||     7
Dodge: Dodged            |    19 |   102 |    29 ||   150

Table legend:
 A = Non-vault XP
 B = Vault XP
 C = Vault XP percentage of total XP
 D = Non-vault monster count
 E = Vault monster count
 F = Vault count percentage of total count
                 A         B        C        D         E       F
            +---------+---------+-------+---------+---------+-------
      Total |     718 |     428 |  37.3 |      94 |      10 |   9.6
            +---------+---------+-------+---------+---------+-------
        D:1 |      34 |       0 |   0.0 |      20 |       0 |   0.0
        D:2 |      81 |     281 |  77.6 |      32 |       7 |  17.9
        D:3 |     193 |       0 |   0.0 |      36 |       0 |   0.0
        D:4 |     410 |     147 |  26.4 |       6 |       3 |  33.3
            +---------+---------+-------+---------+---------+-------
